 Dungeon Crawl Stone Soup version 0.25-a0-294-gea9b1ad378 (webtiles) character file.

Game seed: 14969198908160868632, levelgen mode: deterministic

160 MoonlitKnight the Chopper (level 5, -2/47 HPs)
             Began as a Hill Orc Fighter on Dec 17, 2019.
             Was an Initiate of Beogh.
             Slain by an orc warrior
             ... wielding a +0 trident
              (6 damage)
             ... on level 3 of the Dungeon.
             The game lasted 00:06:17 (3278 turns).

MoonlitKnight the Chopper (Hill Orc Fighter)        Turns: 3278, Time: 00:06:18

Health: -2/47      AC:  9    Str: 20    XL:     5   Next: 41%
Magic:  5/5        EV:  5    Int:  8    God:    Beogh [......]
Gold:   141        SH:  9    Dex: 10    Spells: 4/4 levels left

rFire    . . .     SeeInvis .   a - +0 war axe
rCold    . . .     Gourm    .   c - +0 shield
rNeg     . . .     Faith    .   m - +0 chain mail
rPois    .         Spirit   .   (no helmet)
rElec    .         Reflect  .   (no cloak)
rCorr    .         Harm     .   (no gloves)
MR       .....                  (no boots)
Stlth    ..........             (no amulet)
HPRegen  0.15/turn              (no ring)
MPRegen  0.09/turn              (no ring)

@: no status effects
A: no striking features
a: Renounce Religion


You were on level 3 of the Dungeon.
You worshipped Beogh.
Beogh was noncommittal.
You were not hungry.

You visited 1 branch of the dungeon, and saw 3 of its levels.

You collected 141 gold pieces.

Inventory:

Hand Weapons
 a - a +0 war axe (weapon)
 h - a +2 flail of crushing
 s - a +0 hunting sling
Missiles
 l - 36 poisoned darts (quivered)
 t - 17 sling bullets
Armour
 c - a +0 shield (worn)
 m - a +0 chain mail (worn)
Scrolls
 b - 6 scrolls of remove curse {unknown}
 g - a scroll of random uselessness {unknown}
 j - a scroll of teleportation {unknown}
 q - a scroll of enchant weapon {unknown}
 r - a scroll of identify {unknown}
Potions
 d - 2 potions of might
 e - a potion of brilliance {unknown}
 i - 4 potions of lignification {unknown}
 k - 3 potions of heal wounds {unknown}
 n - a potion of curing {unknown}
 o - 2 potions of agility {unknown}
Comestibles
 f - 5 rations
 p - 2 chunks of flesh


   Skills:
 + Level 4.4 Fighting
 * Level 5.0 Axes
 + Level 4.1 Armour
 + Level 4.1 Shields


You had 4 spell levels left.
You didn't know any spells.
Your spell library was empty.

Dungeon Overview and Level Annotations

Branches:
Dungeon (3/15)

Altars:
Okawaru
Vehumet

Annotations:
D:3 3 runed translucent doors, MoonlitKnight's ghost, amateur MfSk


Message History

The orc priest is severely wounded.
You hit the orc warrior.
The orc priest invokes the aid of Beogh against you.
Beogh smites you! The orc warrior barely misses you.
The orc priest mumbles some strange prayers to Beogh against you.
Pain shoots through your body!
Some of the chunks of flesh in your inventory have rotted away.
You hit the orc priest but do no damage.
The orc priest is severely wounded.
You hit the orc warrior but do no damage.
The orc warrior hits you with a +0 trident!
* * * LOW HITPOINT WARNING * * *
The orc priest hits you but does no damage.
Your shield and chain mail prevent you from hitting the orc priest.
The orc priest is severely wounded.
You completely miss the orc warrior. You block the orc warrior's attack.
The orc priest hits you but does no damage.
The orc warrior hits you with a +0 trident.
You die...
Beogh appreciates the orc warrior's killing of a heretic priest.

.### #..o# #.### #.... .#
##...### #.#.###.### ##
#...g..#### # ###....##.##.
#
#.#.##<##......##..........
####
#.#.......####.###...##....
...####.#.........##.#
##.###....
.#........##.##.#.##.######
#....
...####......##.#...(.(.#
###.. #.##
#########.@o.>(##.# ##.
#)### #######.#o...##.# ##
...)## #.......##.#.##.#
#..#.## #)########.#.##.#
#.###.###.### #......# .##
##......# ###.####
#.###.#.....# ######.####
##.#.##.....###.<.......#
....###.....##.###.#.##.#


You could see an orc warrior and an orc priest.

Vanquished Creatures
  Jessica (D:2)
  Robin (D:2)
  A gnoll (D:1)
  3 adders
  An ooze (D:2)
  6 worms
  2 dart slugs
  A leopard gecko (D:1)
  2 orcs
  A ball python (D:3)
  A giant cockroach (D:1)
  7 goblins
  7 hobgoblins
  2 jackals (D:2)
  10 kobolds
  6 bats
  3 frilled lizards
  8 rats
63 creatures vanquished.

Vanquished Creatures (others)
  An orc priest (D:3)
1 creature vanquished.

Grand Total: 64 creatures vanquished

Notes
Turn   | Place    | Note
-------+----------+-------------------------------------------
     0 | D:1      | MoonlitKnight the Hill Orc Fighter began the quest for the
                  | Orb.
     0 | D:1      | Reached XP level 1. HP: 19/19 MP: 1/1
   131 | D:1      | Reached skill level 3 in Axes
   131 | D:1      | Reached XP level 2. HP: 14/27 MP: 2/2
   678 | D:1      | Reached XP level 3. HP: 29/33 MP: 3/3
  1111 | D:2      | Reached skill level 4 in Axes
  1120 | D:2      | Found an iron altar of Okawaru.
  1131 | D:2      | Reached XP level 4. HP: 32/40 MP: 4/4
  1134 | D:2      | Noticed Robin
  1171 | D:2      | Killed Robin
  1575 | D:2      | Noticed Jessica
  1585 | D:2      | Found a radiant altar of Vehumet.
  1588 | D:2      | Killed Jessica
  1813 | D:2      | Reached XP level 5. HP: 43/47 MP: 5/5
  1897 | D:3      | Found a runed translucent gate.
  1898 | D:3      | Found a runed translucent gate.
  1898 | D:3      | Found a runed translucent gate.
  2033 | D:3      | Noticed MoonlitKnight's ghost (amateur MfSk)
  2119 | D:3      | Became a worshipper of Beogh the Brigand
  2190 | D:3      | Noticed an orc warrior
  3070 | D:3      | Reached skill level 5 in Axes
  3278 | D:3      | Slain by an orc warrior

Levels and vault maps discovered:
D:1:      dpeg_arrival_simpleton_b, layout_loops_ring
D:2:      layout_basic, lemuel_coloured_pillars_altar,
          okawaru_ov_weapons_minmay, uniq_robin, uniq_jessica
D:3:      layout_loops_cross, gammafunk_ghost_necromancy

Skill      XL: |  1  2  3  4  5 |
---------------+----------------+-----
Axes           | 3 4 5 |  5.0
Fighting       | 4 |  4.4
Armour         | 4 |  4.1
Shields        | 4 |  4.1

Action                   |  1- 3 |  4- 6 || total
-------------------------+-------+-------++-------
Melee: War axe           |    12 |     9 ||    21
       Flail             |    69 |    99 ||   168
 Fire: Hunting sling     |       |     4 ||     4
Throw: Dart              |       |     4 ||     4
Invok: Convert to Beogh  |       |     1 ||     1
  Eat: Chunk             |     1 |     7 ||     8
Armor: Scale mail        |    15 |       ||    15
       Chain mail        |    16 |    77 ||    93
Dodge: Dodged            |    17 |    20 ||    37
Block: Shield            |    44 |    66 ||   110

Table legend:
 A = Non-vault XP
 B = Vault XP
 C = Vault XP percentage of total XP
 D = Non-vault monster count
 E = Vault monster count
 F = Vault count percentage of total count
                 A         B        C        D         E       F
            +---------+---------+-------+---------+---------+-------
      Total |     163 |      66 |  28.8 |      54 |       9 |  14.3
            +---------+---------+-------+---------+---------+-------
        D:1 |      38 |       0 |   0.0 |      16 |       0 |   0.0
        D:2 |      70 |      66 |  48.5 |      21 |       9 |  30.0
        D:3 |      55 |       0 |   0.0 |      17 |       0 |   0.0
            +---------+---------+-------+---------+---------+-------
